 Dungeon Crawl Stone Soup version 0.24-a0-613-g1ff6aac (webtiles) character file.

Game seed: 10872084917243698033, levelgen mode: deterministic

10441 Dorkslayer the Covert (level 11, -4/75 HPs)
             Began as an Octopode Fighter on Sept 11, 2019.
             Was an Elder of Dithmenos.
             Slain by an orc warrior
             ... wielding a +0 scimitar
              (5 damage)
             ... on level 9 of the Dungeon.
             The game lasted 00:46:52 (9397 turns).

Dorkslayer the Covert (Octopode Fighter)            Turns: 9397, Time: 00:46:52

Health: -4/75      AC:  1    Str: 28    XL:     11   Next: 62%
Magic:  0/18       EV: 13    Int: 14    God:    Dithmenos [****..]
Gold:   499        SH: 13    Dex: 12    Spells: 19/20 levels left

rFire    . . .     SeeInvis .   i - +7 falchion of Chance {drain, +Rage Str+5 Int+4}
rCold    + . .     Gourm    .   b - +2 shield
rNeg     + . .     Faith    .   (helmet restricted)
rPois    .         Spirit   +   H - amulet "Buakeid" {Spirit rC+ Str+4}
rElec    .         Reflect  .   k - ring of resist corrosion
rCorr    +         Harm     .   l - ring of positive energy
MR       .....                  (no ring)
Stlth    +++++++...             (no ring)
HPRegen  0.22/turn              (no ring)
MPRegen  0.16/turn              (no ring)
                                (no ring)
                                (no ring)

@: lethally poisoned (-4 -> -6), hasted, wreathed by umbra, very quick
A: almost no armour, stealthy swim, amphibious, 8 rings, constrict 8, camouflage
1, gelatinous body 1
a: Shadow Step, Renounce Religion, Evoke Berserk Rage


You were on level 9 of the Dungeon.
You worshipped Dithmenos.
Dithmenos was greatly pleased with you.
You were not hungry.

You visited 2 branches of the dungeon, and saw 10 of its levels.
You also visited: Sewer and Bailey.

You collected 611 gold pieces.
You spent 112 gold pieces at shops.

Inventory:

Hand Weapons
 i - the +7 falchion of Chance (weapon) {drain, +Rage Str+5 Int+4}
   (You found it on level 5 of the Dungeon)

   A truly terrible weapon, it drains the life of those it strikes.
   It affects your strength (+5).
   It affects your intelligence (+4).
   It lets you go berserk.
 K - a +6 scimitar of flaming
Missiles
 g - 2 throwing nets
 o - 21 poisoned darts
 r - 13 boomerangs (quivered)
Armour
 b - a +2 shield (worn)
Jewellery
 k - a ring of resist corrosion (left tentacle)
 l - a ring of positive energy (right tentacle)
 v - an uncursed amulet of the gourmand
 H - the amulet "Buakeid" (around mantle) {Spirit rC+ Str+4}
   (You acquired it in a bailey)

   [amulet of guardian spirit]

   It causes incoming damage to be split between your health and magic.
   It affects your strength (+4).
   It protects you from cold.
Wands
 p - a wand of flame (31)
 w - a wand of random effects (24)
 y - a wand of iceblast (1)
 J - a wand of enslavement (6)
Scrolls
 e - 4 scrolls of remove curse
 f - 4 scrolls of amnesia
 n - 7 scrolls of teleportation
 q - a scroll of immolation
 C - a scroll of magic mapping
 E - a scroll of blinking {unknown}
 G - a scroll of brand weapon {unknown}
Potions
 c - 2 potions of might
 j - a potion of berserk rage
 m - 5 potions of curing
 s - 3 potions of brilliance
 t - 3 potions of lignification
 u - a potion of mutation {unknown}
 z - a potion of resistance
 B - 2 potions of agility
 D - a potion of flight {unknown}
 F - a potion of magic {unknown}
Comestibles
 d - 13 rations


   Skills:
 * Level 7.3 Fighting
 + Level 7.5 Long Blades
 + Level 5.4 Throwing
 + Level 5.2 Dodging
 + Level 9.0 Stealth
 + Level 5.6 Shields
 * Level 5.1 Spellcasting
 * Level 6.7 Invocations
 * Level 7.1 Evocations


You had 19 spell levels left.
You knew the following spells:

 Your Spells              Type           Power        Failure   Level  Hunger
a - Magic Dart            Conj           #...         50%         1    None

Your spell library contained the following spells:

 Spells                   Type           Power        Failure   Level  Hunger
 Searing Ray              Conj           #.....       65%         2    ##.....
 Dazzling Spray           Conj/Hex       #.....       86%         3    ###....
 Force Lance              Conj/Tloc      #.......     99%         4    ####...
 Fulminant Prism          Conj/Hex       #.........   99%         4    ####...
 Iskenderun's Mystic Bla  Conj           #.......     99%         4    ####...


Dungeon Overview and Level Annotations

Branches:
Dungeon (9/15)             Temple (1/1) D:5           Sewer (visited)
 Bailey (visited)
   Lair: D:8-11         Orc: D:9-12

Altars:
Ashenzari
Cheibriados
Dithmenos
Elyvilon
Gozag
Hepliaklqana
Makhleb
Nemelex Xobeh
Okawaru
Qazlal
Trog
Uskayaw
Vehumet
Wu Jian
Xom
Yredelemnul
Zin
Jiyva

Shops:
D:6 ?   D:9 [


Innate Abilities, Weirdness & Mutations

You cannot wear most types of armour.
You are very stealthy in the water. (Stealth+)
You are amphibious.
You can wear up to eight rings at the same time.
You can use your tentacles to constrict eight enemies at once.
Your skin changes colour to match your surroundings (Stealth+).
Your rubbery body absorbs attacks. (AC +1, EV +1)


Message History

You slash the orc priest! You drain the orc priest.
You kill the orc priest!
Dithmenos accepts your kill. The killer bee stings you.
* * * LOW HITPOINT WARNING * * *
The orc warrior hits you with a +0 scimitar!
* * * LOW HITPOINT WARNING * * *
You block the killer bee's attack.
A killer bee comes into view.
You feel much better. You block the killer bee's attack.
The killer bee stings you!
* * * LOW HITPOINT WARNING * * *
The orc warrior hits you with a +0 scimitar!!
* * * LOW HITPOINT WARNING * * *
You feel yourself speed up. You block the killer bee's attack.
A killer bee comes into view.
The killer bee stings you.
* * * LOW HITPOINT WARNING * * *
The orc warrior hits you with a +0 scimitar.
You die...

##.. .y. #..#..#
#..#..# #..#..#
## #....y## #.#
#....yo# #.#
#....y@####.# .
#....$..†#†##....
#.......)†○......
#.....#########+#
#...#.# #...#.#
#.....# #.....#
#.###.#


You could see an orc warrior and 4 killer bees.

Vanquished Creatures
  Harold (D:8)
  Erica (D:8)
  A two-headed ogre (D:8)
  2 orc high priests (Bailey)
  The ghost of Geeful the Frost Mage, a novice VSIE (D:8)
  An orc knight (Bailey)
  A queen bee (D:9)
  A hippogriff (D:8)
  3 slime creatures (D:8)
  An ice beast (D:6)
  9 orc warriors
  A sky beast (D:8)
  An eye of draining (D:6)
  2 phantoms
  2 ogres
  2 centaurs
  A necrophage (D:8)
  4 big kobolds (Sewer)
  7 bullfrogs
  A wyvern skeleton (D:9)
  A scorpion (D:8)
  18 killer bees
  7 wights
  5 howler monkeys (D:8)
  5 electric eels (Bailey)
  3 crimson imps
  A quasit (D:6)
  A bullfrog zombie (D:9)
  4 hounds
  6 jellies
  4 orc priests
  3 bullfrog skeletons (D:8)
  2 orc wizards
  6 worker ants
  Natasha (thrice) (D:2)
  2 killer bee zombies
  10 adders
  15 gnolls
  A river rat (D:6)
  2 shadow imps
  5 oozes
  An adder skeleton (D:4)
  3 worms
  2 dart slugs (D:1)
  9 leopard geckos
  31 orcs
  7 giant cockroaches
  18 goblins
  13 hobgoblins
  3 jackals (D:1)
  18 kobolds
  3 quokkas
  4 ball pythons
  15 bats
  9 frilled lizards
  A leopard gecko skeleton (D:4)
  2 quokka skeletons
  9 rats
295 creatures vanquished.

Notes
Turn   | Place    | Note
-------+----------+-------------------------------------------
     0 | D:1      | Dorkslayer the Octopode Fighter began the quest for the
                  | Orb.
     0 | D:1      | Reached XP level 1. HP: 16/16 MP: 1/1
   175 | D:1      | Reached XP level 2. HP: 20/21 MP: 2/2
   464 | D:1      | Reached XP level 3. HP: 17/26 MP: 3/3
   972 | D:2      | Reached skill level 1 in Stealth
  1007 | D:2      | Reached XP level 4. HP: 30/33 MP: 4/4
  1082 | D:2      | Noticed Natasha
  1085 | D:2      | Killed Natasha
  1297 | D:2      | Reached skill level 1 in Evocations
  1297 | D:2      | Reached XP level 5. HP: 37/37 MP: 5/5
  1652 | D:2      | Noticed Natasha
  1659 | D:2      | Killed Natasha
  1755 | D:2      | Reached skill level 2 in Stealth
  2145 | D:2      | Noticed Natasha
  2149 | D:2      | Killed Natasha
  2155 | D:3      | Found an ornate altar of the Wu Jian Council.
  2639 | D:3      | Reached skill level 3 in Stealth
  2656 | D:3      | Reached XP level 6. HP: 40/43 MP: 7/7
  3303 | D:4      | Reached skill level 1 in Throwing
  3728 | D:5      | Entered Level 5 of the Dungeon
  3770 | D:5      | Found a staircase to the Ecumenical Temple.
  3777 | Temple   | Entered the Ecumenical Temple
  3789 | Temple   | Became a worshipper of Dithmenos the Shadowed
  4000 | D:5      | Got a crystal falchion
  4011 | D:5      | Identified the +7 falchion of Chance {drain, +Rage Str+5
                  | Int+4} (You found it on level 5 of the Dungeon)
  4014 | D:5      | Learned a level 1 spell: Magic Dart
  4104 | D:5      | Reached XP level 7. HP: 44/49 MP: 8/8
  4358 | D:6      | Found a glowing drain.
  4362 | Sewer    | Entered a sewer
  4451 | Sewer    | Reached skill level 1 in Invocations
  4451 | Sewer    | Reached skill level 1 in Spellcasting
  4491 | Sewer    | Reached * piety under Dithmenos
  4596 | Sewer    | Reached skill level 4 in Stealth
  4726 | D:6      | Reached XP level 8. HP: 54/54 MP: 10/10
  4971 | D:6      | Reached skill level 5 in Fighting
  4986 | D:6      | Reached ** piety under Dithmenos
  5335 | D:6      | Found Buczauzo's Magic Scroll Shoppe.
  5338 | D:6      | Bought a scroll of identify for 30 gold pieces
  5338 | D:6      | Bought a scroll of magic mapping for 52 gold pieces
  5338 | D:6      | Bought a scroll of identify for 30 gold pieces
  5371 | D:6      | Reached skill level 5 in Long Blades
  5398 | D:6      | Reached skill level 5 in Stealth
  5607 | D:7      | Found a flagged portal.
  5616 | Bailey   | Entered a bailey
  5635 | Bailey   | Reached XP level 9. HP: 48/61 MP: 12/12
  5655 | Bailey   | Noticed an orc knight
  5665 | Bailey   | Killed an orc knight
  5705 | Bailey   | Noticed an orc high priest
  5705 | Bailey   | Noticed an orc high priest
  5895 | Bailey   | Killed an orc high priest
  5895 | Bailey   | Reached skill level 5 in Evocations
  6032 | Bailey   | Noticed a sixfirhy
  6032 | Bailey   | Killed an orc high priest
  6032 | Bailey   | Reached XP level 10. HP: 48/68 MP: 15/15
  6139 | Bailey   | Identified the cursed +1 scale mail "Vifeonnie" {MR+ Regen+
                  | Dex+2}
  6394 | Bailey   | Got a steaming ruby amulet
  6399 | Bailey   | Reached skill level 6 in Stealth
  6407 | Bailey   | Reached *** piety under Dithmenos
  6513 | Bailey   | Found an iron altar of Okawaru.
  6730 | D:7      | Reached skill level 5 in Invocations
  6904 | D:7      | Reached skill level 5 in Throwing
  7282 | D:7      | Reached **** piety under Dithmenos
  7371 | D:7      | Reached skill level 7 in Stealth
  7609 | D:8      | Found a runed translucent gate.
  7609 | D:8      | Found a runed translucent gate.
  7752 | D:8      | Noticed a two-headed ogre
  8008 | D:8      | Killed a two-headed ogre
  8008 | D:8      | Reached skill level 5 in Shields
  8244 | D:8      | Noticed Harold
  8246 | D:8      | Noticed Erica
  8255 | D:8      | Killed Harold
  8255 | D:8      | Reached skill level 8 in Stealth
  8255 | D:8      | Reached XP level 11. HP: 69/75 MP: 17/17
  8262 | D:8      | Killed Erica
  8262 | D:8      | Reached skill level 5 in Dodging
  8402 | D:8      | Identified the amulet "Buakeid" {Spirit rC+ Str+4} (You
                  | acquired it in a bailey)
  8540 | D:8      | Found a runed translucent gate.
  8541 | D:8      | Noticed Geeful's ghost (novice VSIE)
  8553 | D:8      | Found a viscous altar of Jiyva.
  8558 | D:8      | Killed Geeful's ghost
  8743 | D:9      | Reached skill level 5 in Spellcasting
  9269 | D:9      | Found Umaom's Armour Shoppe.
  9378 | D:9      | Reached skill level 9 in Stealth
  9396 | D:9      | HP: 1/75 [orc warrior/+0 scimitar (16)]
  9397 | D:9      | Slain by an orc warrior

Levels and vault maps discovered:
D:1:      matt_arrival_spirals, layout_loops_corners, minmay_cut_off
D:2:      layout_basic, serial_co_window_serial, co_window_corner_a,
          co_window_paths_b, co_window_corner_a, co_window_of_opportunity_a,
          co_window_paths_b, co_window_corner_a, co_window_corner_cb,
          co_window_broadway_b, co_window_cross_2, co_window_paths_c,
          co_window_broadway_b, glass_columns_b, glass_columns_b,
          glass_columns_a, glass_columns_a, glass_columns_a,
          minmay_close_crescents, uniq_natasha
D:3:      minmay_chambers_of_twos, layout_loops_ring,
          nicolae_overflow_crystal_walls
D:4:      layout_loops_cross
D:5:      layout_basic, minmay_temple_entry_statues_pillars, first_ration
D:6:      layout_gridville, gup_sewer_entry_bowl, serial_shops,
          nicolae_shop_behind_doors, minmay_misc_feat_ornament, corexii_shack
D:7:      layout_loops_ring, enter_bailey_2
D:8:      layout_loops_cross, gammafunk_ghost_ooze, uniq_harold, uniq_erica
D:9:      cheibrodos_frozen_isle, layout_stronghold, serial_shops, shop,
          david_nohive_1
Temple:   dpeg_three_leaves_temple

Skill      XL: |  1  2  3  4  5  6  7  8  9 10 11 |
---------------+----------------------------------+-----
Stealth        | 1 3 4 5 8 9 |  9.0
Long Blades    | 3 4 5 6 7 |  7.5
Evocations     | 1 2 3 4 5 6 7 |  7.1
Fighting       | 4 5 6 7 |  7.3
Throwing       | 1 2 4 5 |  5.4
Invocations    | 1 3 4 6 |  6.7
Spellcasting   | 1 2 3 4 5 |  5.1
Shields        | 4 5 |  5.6
Dodging        | 4 5 |  5.2

Action                   |  1- 3 |  4- 6 |  7- 9 | 10-12 || total
-------------------------+-------+-------+-------+-------++-------
Melee: Long sword        |    62 |    95 |       |       ||   157
       Constrict         |    18 |    33 |    34 |    47 ||   132
       Tentacles         |     9 |    18 |    31 |    61 ||   119
       Falchion          |       |     6 |   122 |   197 ||   325
Throw: Dart              |       |    59 |     3 |       ||    62
       Boomerang         |       |    16 |    70 |    53 ||   139
Evoke: Wand              |       |     6 |     4 |    22 ||    32
  Use: Scroll            |       |    14 |     4 |     7 ||    25
       Potion            |       |       |       |     6 ||     6
 Stab: Sleeping          |     7 |    12 |    10 |    13 ||    42
       Distracted        |       |       |       |     3 ||     3
  Eat: Chunk             |       |    12 |     3 |     8 ||    23
       Ration            |       |     1 |       |     1 ||     2
Armor: Skin              |     7 |     2 |     4 |     4 ||    17
Dodge: Dodged            |    25 |    38 |    40 |    68 ||   171
Block: Shield            |    31 |    28 |    51 |   109 ||   219
       Rpst.: Long sword |     9 |    13 |       |       ||    22
       Falchion          |       |     2 |    11 |    24 ||    37

Table legend:
 A = Non-vault XP
 B = Vault XP
 C = Vault XP percentage of total XP
 D = Non-vault monster count
 E = Vault monster count
 F = Vault count percentage of total count
                 A         B        C        D         E       F
            +---------+---------+-------+---------+---------+-------
      Total |    6748 |    8168 |  54.8 |     187 |     108 |  36.6
            +---------+---------+-------+---------+---------+-------
        D:1 |      48 |       7 |  12.7 |      25 |       3 |  10.7
        D:2 |     128 |      58 |  31.2 |      14 |       6 |  30.0
        D:3 |     130 |      18 |  12.2 |      27 |       8 |  22.9
        D:4 |     160 |       0 |   0.0 |      14 |       0 |   0.0
        D:5 |     116 |       0 |   0.0 |       9 |       0 |   0.0
        D:6 |    1127 |      22 |   1.9 |      21 |       5 |  19.2
        D:7 |    1157 |       0 |   0.0 |      22 |       0 |   0.0
        D:8 |    2940 |    3141 |  51.7 |      36 |       9 |  20.0
        D:9 |     942 |     808 |  46.2 |      19 |       9 |  32.1
      Sewer |       0 |     437 | 100.0 |       0 |      24 | 100.0
     Bailey |       0 |    3677 | 100.0 |       0 |      44 | 100.0
            +---------+---------+-------+---------+---------+-------
